 Dungeon Crawl Stone Soup version 0.31-a0-986-g5e6e4ef867 (webtiles) character file.

Game seed: 17866803433061498951

1531 Zonian the Magician (level 8, -1/41 HPs)
             Began as a Deep Elf Conjurer on Nov 19, 2023.
             Was an Initiate of Hepliaklqana.
             Slain by an ice beast (11 damage)
             ... on level 6 of the Dungeon.
             The game lasted 00:14:04 (8838 turns).

Zonian the Magician (Deep Elf Conjurer)             Turns: 8838, Time: 00:14:05

Health: -1/41      AC:  6    Str:  4    XL:     8   Next: 55%
Magic:  13/20      EV: 14    Int: 26    God:    Hepliaklqana [......]
Gold:   335        SH:  0    Dex: 13    Spells: 7/21 levels left

rFire   . . .        e - +1 short sword (venom) {short}
rCold   . . .        (no shield)
rNeg    . . .        a - +0 robe
rPois   .            w - +0 helmet
rElec   .            x - scarf {shadows}
rCorr   .            m - +1 pair of gloves
SInv    .            l - +0 pair of boots
Will    .....        (no amulet)
Stlth   +++          (no ring)
HPRegen 0.26/turn    (no ring)
MPRegen 0.17/turn

%: no passive effects
@: no status effects
A: no striking features
a: Renounce Religion


You were on level 6 of the Dungeon.
You worshipped Hepliaklqana.
Hepliaklqana was noncommittal.
You visited 1 branch of the dungeon, and saw 6 of its levels.

You collected 335 gold pieces.


   Skills:
 + Level 6.1 Dodging
 + Level 6.7 Stealth
 + Level 7.0 Spellcasting
 + Level 6.9 Conjurations
 + Level 5.7 Hexes
 + Level 0.6 Translocations


You had 7 spell levels left.
You knew the following spells:

 Your Spells              Type           Power      Damage    Failure   Level
a - Magic Dart            Conj           100%       1d8       1%          1
b - Searing Ray           Conj           90%        2d7       1%          2
c - Dazzling Flash        Conj/Hex       84%        N/A       1%          3
d - Fulminant Prism       Conj/Hex       21%        3d12      4%          4
e - Iskenderun's Mystic   Conj/Tloc      28%        2d7       13%         4

Your spell library contained the following spells:

 Spells                   Type           Power      Damage    Failure   Level


Inventory:

Hand Weapons
 c - a +0 club {mace}
   (You took it off a kobold on level 1 of the Dungeon)
 d - a +0 club {mace}
   (You took it off a goblin on level 1 of the Dungeon)
 e - a +1 short sword of venom (weapon) {short}
   (You took it off a kobold on level 1 of the Dungeon)
 h - a +2 dagger of draining {short}
   (You took it off a kobold on level 1 of the Dungeon)
 p - a +0 rapier {short}
   (You took it off a gnoll on level 2 of the Dungeon)
Armour
 a - a +0 robe (worn)
 l - a +0 pair of boots (worn)
   (You found it on level 5 of the Dungeon)
 m - a +1 pair of gloves (worn)
   (You found it on level 5 of the Dungeon)
 o - a +0 pair of boots
   (You found it on level 2 of the Dungeon)
 s - an orb of guile
   (You found it on level 2 of the Dungeon)
 w - a +0 helmet (worn)
   (You found it on level 3 of the Dungeon)
 x - a scarf of shadows (worn)
   (You found it on level 5 of the Dungeon)
 y - a +0 pair of gloves
   (You found it on level 3 of the Dungeon)
Magical Staves
 B - a staff of earth {!astaff}
   (You found it on level 4 of the Dungeon)
Wands
 j - a wand of roots (7)
   (You found it on level 4 of the Dungeon)
Scrolls
 k - a scroll of noise {!r}
 r - 2 scrolls of blinking {!r}
 t - a scroll of teleportation {@r4}
 v - a scroll of revelation
Potions
 b - a potion of magic
 f - 4 potions of curing {@q1}
 g - a potion of might
 i - 2 potions of heal wounds {unknown}
 n - a potion of attraction {unknown}
 q - a potion of degeneration {unknown}
 u - 2 potions of lignification {unknown}
 z - a potion of ambrosia {unknown}
 F - a potion of brilliance {unknown}

Dungeon Overview and Level Annotations

Branches:
Dungeon (6/15) Zot: 26990  Temple (0/1) D:5

Altars:
Cheibriados
Dithmenos
Fedhas
Hepliaklqana
Sif Muna
Uskayaw
Xom
The Shining One

Annotations:
D:1 2 runed translucent doors

.)..........
.............
.............
.........#...
.............
.............
......<......
......5....(.
......@s..##.
......Y...#
.............
.............
.............
.............
#.#..........


You could see an ice beast (blind, poisoned), a scorpion (blind) and a shadow
imp (blind).


Message History

The searing ray hits the black bear. (Press . to maintain the ray.) 😎 MP[-1]
You lost 1 mp, and now have 17/20 mp.
The searing ray hits the black bear! 😎 MP[-1]
You lost 1 mp, and now have 16/20 mp.
The searing ray hits the black bear. 😎 MP[-1]
You lost 1 mp, and now have 15/20 mp.
The searing ray hits the black bear.
You finish channelling your searing ray.
The black bear goes berserk! 😎 MP[-1]
You lost 1 mp, and now have 14/20 mp.
The black bear barely misses you. The black bear misses you.
The black bear barely misses you.
Unknown command.
Casting: Searing Ray (safe; 1% risk of failure)
Confirm with . or Enter, or press ? or * to list all spells.
Aiming: Searing Ray (safe; 1% risk of failure)
Press: ? - help, Shift-Dir - straight line, f/p - black bear
Aim: a black bear (almost dead, berserk, 87% to hit)
The searing ray hits the black bear!
You kill the black bear! (Press . to maintain the ray.)
Your Spellcasting skill increases to level 7! 😎 MP[-2]
You lost 2 mp, and now have 12/20 mp.
Unknown command.
Key pressed, stopping explore.
i - 2 viscous black potions (gained 1)
x - a scarf of shadows 😎 MP[+8]
Your mp is fully restored (20).
You start putting on your armour.
You continue putting on your scarf of shadows. x4
You finish putting on your scarf of shadows.
It gets dark.
Unknown command.
You open the door.
There is an open door here.
There is an open door here.
Done exploring.
Done exploring.
There is a stone staircase leading down here.
You climb downwards.
There is a stone staircase leading up here.
There are monsters nearby!
Unknown command.
The ice beast barely misses you.
You hit the ice beast. The ice beast completely misses you.
Unknown command.
Casting: Searing Ray (safe; 1% risk of failure)
Confirm with . or Enter, or press ? or * to list all spells.
Aiming: Searing Ray (safe; 1% risk of failure)
Press: ? - help, Shift-Dir - straight line, f - ice beast
Aim: an ice beast (lightly wounded, 82% to hit)
The searing ray hits the ice beast. (Press . to maintain the ray.)
The ice beast hits you but does no damage. 😎 MP[-2]
You lost 2 mp, and now have 18/20 mp.
Unknown command.
The searing ray misses the ice beast.
The shadow imp closely misses you.
The ice beast hits you but does no damage. 😎 MP[-1]
You lost 1 mp, and now have 17/20 mp.
Unknown command.
The searing ray misses the ice beast.
The shadow imp closely misses you.
The ice beast hits you but does no damage. 😎 MP[-1]
You lost 1 mp, and now have 16/20 mp.
Unknown command.
The searing ray hits the ice beast!
You finish channelling your searing ray.
The shadow imp hits you. The ice beast hits you.
The ice beast freezes you! 😮 HP[-13] MP[-1]
You take 13 damage, and now have 28/41 hp.
MASSIVE DAMAGE!! (PAUSE)
You lost 1 mp, and now have 15/20 mp.
Casting: Searing Ray (safe; 1% risk of failure)
Confirm with . or Enter, or press ? or * to list all spells.
Casting: Dazzling Flash (safe; 1% risk of failure)
Press: ? - help, Dir - look around, f - activate The ice beast is dazzled.
The shadow imp is dazzled.
The scorpion is dazzled.
The shadow imp closely misses you. The ice beast hits you.
The ice beast freezes you!
* * * LOW HITPOINT WARNING * * *
😨 HP[-15] MP[-2]
You take 15 damage, and now have 13/41 hp.
MASSIVE DAMAGE!! (PAUSE)
You lost 2 mp, and now have 13/20 mp.
You hit the ice beast but do no damage.
The ice beast is poisoned.
The scorpion stings you.
* * * LOW HITPOINT WARNING * * *
The shadow imp closely misses you. The ice beast hits you.
* * * LOW HITPOINT WARNING * * *
The ice beast freezes you!
You die...

Skill      XL: |  1  2  3  4  5  6  7  8 |
---------------+-------------------------+-----
Stealth        | 3 4 5 6 |  6.7
Dodging        | 3 4 5 6 |  6.1
Hexes          | 1 2 3 5 |  5.7
Spellcasting   | 4 5 6 7 |  7.0
Conjurations   | 5 6 |  6.9
Translocations | |  0.6

Action                     |  1- 3 |  4- 6 |  7- 9 || total
---------------------------+-------+-------+-------++-------
  Melee: Unarmed           |     4 |       |       ||     4
         Dagger            |     1 |    14 |       ||    15
         Short sword       |       |     2 |     8 ||    10
   Cast: Magic Dart        |    70 |   150 |    53 ||   273
         Searing Ray       |     1 |    23 |    15 ||    39
         Dazzling Flash    |       |       |     1 ||     1
    Use: Potion            |       |     1 |       ||     1
         Scroll            |       |    12 |       ||    12
   Stab: Sleeping          |       |     1 |       ||     1
 Armour: Robe              |     9 |    30 |    23 ||    62
  Dodge: Dodged            |     4 |    26 |    23 ||    53

Levels and vault maps discovered:
D:1:      erik_arrival_cave_to_civilisation [erik_arrival_cave_to_temple],
          layout_basic, minmay_crystal_room
D:2:      cheibrodos_fertilizer, layout_loops_cross,
          dreamdust_ecumenical_altar_hidden_monk_grotto
D:3:      layout_rooms, nicolae_uskayaw_suspiria, solitary_fountain,
          mrwooster_statue_mirror, minmay_misc_feat_columns,
          kennysheep_generic_room_9
D:4:      layout_loops_ring, lemuel_crystal_altar,
          nicolae_hepliaklqana_hippocampus
D:5:      layout_basic, mainiacjoe_overflow_paths, minmay_temple_entry_wispy,
          wad_floor_pattern_untrapped, uniq_pikel
D:6:      layout_cave_pools, mainiacjoe_overflow_big_doors,
          nicolae_inconvenience_store, due_unseen_surprise, uniq_eustachio

Notes
Turn   | Place    | Note
-------+----------+-------------------------------------------
     0 | D:1      | Zonian the Deep Elf Conjurer began the quest for the Orb.
     0 | D:1      | Reached XP level 1. HP: 10/10 MP: 6/6
     0 | D:1      | magus.rc [v1.9.6]
   295 | D:1      | Found a large runed translucent door.
   295 | D:1      | Found a large runed translucent door.
   508 | D:1      | Reached XP level 2. HP: 15/15 MP: 6/8
   881 | D:1      | Reached skill level 3 in Stealth
  1071 | D:1      | Reached skill level 3 in Dodging
  1272 | D:1      | Reached XP level 3. HP: 19/19 MP: 6/10
  1275 | D:1      | Learned a level 2 spell: Searing Ray
  1279 | D:1      | Learned a level 3 spell: Dazzling Flash
  1786 | D:2      | Reached skill level 1 in Hexes
  1972 | D:2      | Reached XP level 4. HP: 24/24 MP: 7/11
  2196 | D:2      | Found a faded altar of an unknown god.
  2436 | D:2      | Reached skill level 4 in Spellcasting
  2656 | D:2      | Found a hide-covered altar of Uskayaw.
  2656 | D:2      | Found a glowing golden altar of the Shining One.
  2656 | D:2      | Found a shimmering blue altar of Sif Muna.
  2656 | D:2      | Found a snail-covered altar of Cheibriados.
  2656 | D:2      | Found a shadowy altar of Dithmenos.
  2656 | D:2      | Found a blossoming altar of Fedhas.
  2733 | D:2      | Reached skill level 5 in Conjurations
  2733 | D:2      | Reached skill level 2 in Hexes
  2733 | D:2      | Reached XP level 5. HP: 28/28 MP: 8/13
  2894 | D:2      | Reached skill level 4 in Stealth
  3814 | D:3      | Reached skill level 4 in Dodging
  3834 | D:3      | Reached XP level 6. HP: 32/32 MP: 0/14
  4149 | D:3      | Found a hide-covered altar of Uskayaw.
  4864 | D:4      | HP: 7/32 [iguana (4)]
  4866 | D:4      | Reached skill level 3 in Hexes
  5074 | D:4      | Reached skill level 5 in Spellcasting
  5308 | D:4      | Found a glowing golden altar of the Shining One.
  5762 | D:4      | Reached skill level 5 in Stealth
  6279 | D:4      | Reached XP level 7. HP: 36/36 MP: 12/16
  6742 | D:4      | Found a hazy altar of Hepliaklqana.
  6747 | D:4      | Became a worshipper of Hepliaklqana the Forgotten
  6822 | D:5      | Entered Level 5 of the Dungeon
  6839 | D:5      | Found a shimmering altar of Xom.
  6885 | D:5      | Reached skill level 4 in Hexes
  7119 | D:5      | Reached skill level 6 in Conjurations
  7371 | D:5      | Found a staircase to the Ecumenical Temple.
  7383 | D:5      | Reached skill level 5 in Dodging
  7794 | D:5      | Noticed Pikel
  7805 | D:5      | Killed Pikel
  7806 | D:5      | Reached skill level 6 in Stealth
  7806 | D:5      | Reached skill level 6 in Spellcasting
  7806 | D:5      | Reached skill level 5 in Hexes
  7806 | D:5      | Reached XP level 8. HP: 12/41 MP: 4/19
  8220 | D:5      | Reached skill level 6 in Dodging
  8368 | D:5      | Learned a level 4 spell: Fulminant Prism
  8373 | D:5      | Learned a level 4 spell: Iskenderun's Mystic Blast
  8655 | D:5      | Reached skill level 7 in Spellcasting
  8838 | D:6      | HP: 10/41 [ice beast (1)]
  8838 | D:6      | Slain by an ice beast

Vanquished Creatures
  Pikel (D:5)
  A black bear (D:5)
  2 ogres
  A phantom (D:5)
  2 scorpions (D:5)
  An orc priest (D:3)
  2 jellies (D:2)
  A gnoll bouda (D:4)
  A hound (D:5)
  2 sleepcaps (D:5)
  2 iguanas
  2 orc wizards
  6 gnolls
  10 adders
  A shadow imp (D:4)
  5 dart slugs
  23 orcs
  15 endoplasms
  3 giant cockroaches
  5 goblins
  6 hobgoblins
  2 jackals (D:4)
  14 kobolds
  5 quokkas
  8 ball pythons
  7 bats
  7 frilled lizards
  4 rats
139 creatures vanquished.

Table legend:
 A = Non-vault XP
 B = Vault XP
 C = Vault XP percentage of total XP
 D = Non-vault monster count
 E = Vault monster count
 F = Vault count percentage of total count
                 A         B        C        D         E       F
            +---------+---------+-------+---------+---------+-------
      Total |    1394 |     794 |  36.3 |     117 |      22 |  15.8
            +---------+---------+-------+---------+---------+-------
        D:1 |      45 |       3 |   6.2 |      26 |       2 |   7.1
        D:2 |      98 |     114 |  53.8 |      15 |      17 |  53.1
        D:3 |     144 |       4 |   2.7 |      26 |       2 |   7.1
        D:4 |     387 |       0 |   0.0 |      36 |       0 |   0.0
        D:5 |     720 |     673 |  48.3 |      14 |       1 |   6.7
            +---------+---------+-------+---------+---------+-------

Skill      XL: |  1  2  3  4  5  6  7  8 |
---------------+-------------------------+-----
Stealth        | 3 4 5 6 |  6.7
Dodging        | 3 4 5 6 |  6.1
Hexes          | 1 2 3 5 |  5.7
Spellcasting   | 4 5 6 7 |  7.0
Conjurations   | 5 6 |  6.9
Translocations | |  0.6

Action                     |  1- 3 |  4- 6 |  7- 9 || total
---------------------------+-------+-------+-------++-------
  Melee: Unarmed           |     4 |       |       ||     4
         Dagger            |     1 |    14 |       ||    15
         Short sword       |       |     2 |     8 ||    10
   Cast: Magic Dart        |    70 |   150 |    53 ||   273
         Searing Ray       |     1 |    23 |    15 ||    39
         Dazzling Flash    |       |       |     1 ||     1
    Use: Potion            |       |     1 |       ||     1
         Scroll            |       |    12 |       ||    12
   Stab: Sleeping          |       |     1 |       ||     1
 Armour: Robe              |     9 |    30 |    23 ||    62
  Dodge: Dodged            |     4 |    26 |    23 ||    53

Illustrated notes

Table legend:
 A = Kills in this place as a percentage of kills in the entire game.
 B = Kills by you in this place as a percentage of kills by you in the entire game.
 C = Kills by friends in this place as a percentage of kills by friends in the entire game.
 D = Other kills in this place as a percentage of other kills in the entire game.
 E = Experience gained in this place as a percentage of experience gained in the entire game.
 F = Experience gained in this place divided by the number of levels of this place that you have seen.
                   A       B       C       D       E      F
               +-------+-------+-------+-------+-------+----------------------
         Total | 100.0 | 100.0 |   N/A |   N/A | 100.0 | 364.7
       Dungeon | 100.0 | 100.0 |   N/A |   N/A | 100.0 | 364.7
               +-------+-------+-------+-------+-------+----------------------

Table legend: (Time is in decaauts)
 A = Elapsed time spent in this place.
 B = Non-inter-level travel time spent in this place.
 C = Inter-level travel time spent in this place.
 D = Time resting spent in this place.
 E = Time spent auto-exploring this place.
 F = Levels seen in this place.
 G = Mean time per level.
                   A        B        C        D        E       F      G
               +--------+--------+--------+--------+--------+-----+--------+
         Total |   8838 |   8612 |    226 |   3517 |   4004 |   6 | 1473.0 |
       Dungeon |   8838 |   8612 |    226 |   3517 |   4004 |   6 | 1473.0 |
               +--------+--------+--------+--------+--------+-----+--------+

Top non-repeatable levels by time:
     D:5: 2006 daAuts
     D:4: 1934 daAuts
     D:2: 1796 daAuts
     D:1: 1654 daAuts
     D:3: 1438 daAuts
     D:6: 8 daAuts
